 Dungeon Crawl Stone Soup version 0.31-a0-152-g6aa68a64a1 (webtiles) character file.

Game seed: 5026495383281507094

79 qw the Shooter (level 4, -1/28 HPs)
             Began as a Gargoyle Hunter on June 8, 2023.
             Slain by a bullfrog (4 damage)
             ... on level 3 of the Dungeon.
             The game lasted 00:00:40 (1881 turns).

qw the Shooter (Gargoyle Hunter)                    Turns: 1881, Time: 00:00:41

Health: -1/28      AC:  9    Str: 14    XL:     4   Next: 38%
Magic:  4/4        EV: 11    Int: 10    God:
Gold:   78         SH:  0    Dex: 15    Spells: 3/3 levels left

rFire   . . .        Y - +0 shortbow
rCold   . . .        (shield currently unavailable)
rNeg    + . .        c - +3 leather armour
rPois   inf          (no helmet)
rElec   +            (no cloak)
rCorr   .            (no gloves)
SInv    .            (no boots)
Will    .....        (no amulet)
Stlth   ++           (no ring)
HPRegen 0.24/turn    (no ring)
MPRegen 0.09/turn

%: no passive effects
@: no status effects
A: sickness immunity, AC +3, negative energy resistance 1, electricity
resistance, torment resistance 1, petrification resistance
a: no special abilities


You were on level 3 of the Dungeon.
You visited 1 branch of the dungeon, and saw 3 of its levels.

You collected 78 gold pieces.


Innate Abilities, Weirdness & Mutations

You are immune to sickness and miasma.
Your stone body is resilient. (AC +3)
You are immune to poison.
You resist negative energy. (rN+)
You are resistant to electric shocks. (rElec)
You are resistant to unholy torment.
You are immune to petrification.


   Skills:
 - Level 3.2 Fighting
 + Level 5.1 Ranged Weapons
 - Level 1.0 Armour
 - Level 1.5 Dodging
 - Level 1.1 Stealth


You had 3 spell levels left.
You didn't know any spells.
Your spell library was empty.

Inventory:

Hand Weapons
 Y - a +0 shortbow (weapon)
Armour
 c - a +3 leather armour (worn)
Potions
 a - a potion of curing {unknown}
 b - a potion of degeneration {unknown}
 f - a potion of lignification {unknown}

Dungeon Overview and Level Annotations

Branches:
Dungeon (3/15)

Altars:
Trog


Message History

You shoot an arrow. The arrow closely misses the gnoll.
The arrow hits the kobold!
You kill the kobold!
The bullfrog barely misses you. The bullfrog hits you.
The gnoll hits you but does no damage. The gnoll hits you with a +0 flail.
You shoot an arrow.
The arrow hits the gnoll but does no damage.
The gnoll is severely wounded.
The bullfrog hits you but does no damage.
The gnoll hits you but does no damage. The gnoll barely misses you.
The bullfrog barely misses you.
You shoot an arrow. The arrow barely misses the gnoll.
The bullfrog hits you but does no damage.
The gnoll hits you with a +0 whip. The gnoll hits you but does no damage.
The bullfrog hits you but does no damage.
You shoot an arrow. The arrow barely misses the gnoll.
The gnoll completely misses you. The gnoll misses you. The bullfrog hits you.
You shoot an arrow. The arrow hits the gnoll.
You kill the gnoll!
A bat comes into view.
The bullfrog closely misses you. The gnoll closely misses you.
The bullfrog hits you but does no damage.
The gnoll closely misses you.
The bat moves out of view.
You shoot an arrow. The arrow hits the bullfrog!
The bullfrog is heavily wounded.
The bullfrog hits you. The bullfrog barely misses you.
The gnoll closely misses you.
You shoot an arrow. The arrow closely misses the bullfrog.
The bullfrog hits you but does no damage.
The gnoll hits you with a +0 whip. The bullfrog closely misses you.
You shoot an arrow. The arrow hits the bullfrog!
The bullfrog is severely wounded.
The bullfrog hits you. The gnoll hits you with a +0 whip!
The bullfrog hits you but does no damage.
You shoot an arrow. The arrow misses the bullfrog.
The gnoll hits you with a +0 whip. The bullfrog barely misses you.
You shoot an arrow. The arrow hits the bullfrog.
The bullfrog is almost dead.
The bullfrog hits you.
You die...

####### #.....#
#%###.# #.# #.#
#####+#### #.# #.#
.........####.###.#
.......@........#.#
......F)g.###.#.#.#
.......)..#...#.#.#
#####)###.#.###.#.#
#. #.#.....#.# ..
#.#######.# .. #..
#.# ... ### #.# #.#
####


You could see a bullfrog and a gnoll.

Vanquished Creatures
  2 gnolls (D:3)
  2 adders (D:2)
  5 bats
  7 endoplasms (D:1)
  3 goblins (D:1)
  A hobgoblin (D:1)
  7 quokkas (D:1)
  6 ball pythons
  A frilled lizard (D:1)
  5 kobolds
  2 rats (D:2)
41 creatures vanquished.

Notes
Turn   | Place    | Note
-------+----------+-------------------------------------------
     0 | D:1      | qw the Gargoyle Hunter began the quest for the Orb.
     0 | D:1      | Reached XP level 1. HP: 12/12 MP: 1/1
     0 | D:1      | 0 ||| qw: Version: 0.2-a-120-gdf1a93b
     0 | D:1      | 0 ||| qw: Game counter: 3128
     0 | D:1      | 0 ||| qw: Always use a shield: true
     0 | D:1      | 0 ||| qw: God list: Okawaru
     0 | D:1      | 0 ||| qw: Allow faded altars: false
     0 | D:1      | 0 ||| qw: Do Orc after D:15 true
     0 | D:1      | 0 ||| qw: Do second Lair branch before Depths: true
     0 | D:1      | 0 ||| qw: Lair rune preference: random
     0 | D:1      | 0 ||| qw: Plans: Normal
     0 | D:1      | 0 ||| PLANNING D:1-11
    33 | D:1      | 33 ||| READING scroll labelled TIMMATTIEPS.
    34 | D:1      | 34 ||| DROPPING scroll of butterflies.
    97 | D:1      | Reached XP level 2. HP: 17/17 MP: 2/2
   155 | D:1      | Found a faded altar of an unknown god.
   282 | D:1      | 282 ||| READING scroll labelled OLIUTWOINN.
   492 | D:1      | 492 ||| UPGRADING to +0 ring mail.
   502 | D:1      | 502 ||| DROPPING +0 leather armour.
   503 | D:1      | 503 ||| READING scroll labelled LURYSA CYRURI.
   645 | D:1      | Reached XP level 3. HP: 21/21 MP: 3/3
   720 | D:1      | Reached skill level 1 in Armour
   942 | D:1      | 942 ||| READING scroll labelled NIRECW RUWKEI.
  1302 | D:2      | Reached skill level 5 in Ranged Weapons
  1429 | D:2      | Found a bloodstained altar of Trog.
  1603 | D:2      | Reached XP level 4. HP: 27/27 MP: 4/4
  1758 | D:2      | 1758 ||| UPGRADING to +3 leather armour.
  1768 | D:2      | 1768 ||| DROPPING +0 ring mail.
  1769 | D:2      | 1769 ||| READING scroll labelled TEPYATREHE.
  1770 | D:2      | 1770 ||| READING scroll labelled XEWAUS JAFEAGOSM.
  1863 | D:3      | Noticed a bullfrog
  1866 | D:3      | Reached skill level 3 in Fighting
  1879 | D:3      | HP: 3/28 [gnoll/+0 whip (7)]
  1881 | D:3      | Slain by a bullfrog

Levels and vault maps discovered:
D:1:      dpeg_arrival_windows_large_door, layout_loops_cross,
          serial_co_window_serial, co_window_corner_a, co_window_paths_a,
          co_window_paths_b, co_window_corner_a, co_window_cross_1,
          co_window_broadway_c, co_window_corner_ca, co_window_broadway_b,
          co_window_unsneaky_path_d, co_window_unsneaky_path_b,
          co_window_4corner_a, co_window_4corner_b, glass_columns_a,
          glass_columns_a, glass_columns_b, glass_columns_b,
          ebering_ecumenical_altar_webs
D:2:      layout_loops_ring, basic_altar
D:3:      layout_basic, old_standard_altar, uniq_natasha

Skill      XL: |  1  2  3  4 |
---------------+-------------+-----
Armour         | 1 |  1.0
Ranged Weapons | 5 |  5.1
Fighting       | 3 |  3.2
Dodging        | |  1.5
Stealth        | |  1.1

Action                     |  1- 3 |  4- 6 || total
---------------------------+-------+-------++-------
   Fire: Shortbow          |   110 |    24 ||   134
    Use: Scroll            |     4 |     2 ||     6
 Armour: Leather armour    |     8 |    16 ||    24
         Ring mail         |     7 |       ||     7
  Dodge: Dodged            |    24 |    19 ||    43

Table legend:
 A = Non-vault XP
 B = Vault XP
 C = Vault XP percentage of total XP
 D = Non-vault monster count
 E = Vault monster count
 F = Vault count percentage of total count
                 A         B        C        D         E       F
            +---------+---------+-------+---------+---------+-------
      Total |     114 |       0 |   0.0 |      41 |       0 |   0.0
            +---------+---------+-------+---------+---------+-------
        D:1 |      52 |       0 |   0.0 |      32 |       0 |   0.0
        D:2 |      30 |       0 |   0.0 |       5 |       0 |   0.0
        D:3 |      32 |       0 |   0.0 |       4 |       0 |   0.0
            +---------+---------+-------+---------+---------+-------
